 Dungeon Crawl Stone Soup version 0.28-b1-70-g80dc712255 (webtiles) character file.

Game seed: 4062986291564371433

109 Minsecho the Covered (level 4, -8/41 HPs)
             Began as a Minotaur Fighter on Feb 3, 2022.
             Mangled by an ogre (11 damage)
             ... on level 3 of the Dungeon.
             The game lasted 00:03:59 (1784 turns).

Minsecho the Covered (Minotaur Fighter)             Turns: 1784, Time: 00:04:00

Health: -8/41      AC:  9    Str: 23    XL:     4   Next: 60%
Magic:  3/3        EV:  9    Int:  5    God:
Gold:   146        SH:  5    Dex: 15    Spells: 3/3 levels left

rFire   . . .      SeeInvis .   a - +0 war axe
rCold   . . .      Faith    .   c - +0 buckler
rNeg    . . .      Spirit   .   b - +0 scale mail
rPois   .          Reflect  .   (helmet restricted)
rElec   .          Harm     .   (no cloak)
rCorr   .          Rampage  .   f - +0 pair of gloves
Will    .....                   k - +0 pair of boots
Stlth   ..........              (no amulet)
HPRegen 0.13/turn               l - +6 ring of dexterity
MPRegen 0.08/turn               (no ring)

@: no status effects
A: horns 2, retaliatory headbutt
a: no special abilities


You were on level 3 of the Dungeon.
You visited 1 branch of the dungeon, and saw 3 of its levels.

You collected 146 gold pieces.

Inventory:

Hand Weapons
 a - a +0 war axe (weapon)
Missiles
 n - 5 boomerangs (quivered)
Armour
 b - a +0 scale mail (worn)
 c - a +0 buckler (worn)
 f - a +0 pair of gloves (worn)
 k - a +0 pair of boots (worn)
Jewellery
 l - a +6 ring of dexterity (left hand)
Scrolls
 e - a scroll of identify {unknown}
 g - a scroll of enchant armour {unknown}
 h - a scroll of fog {unknown}
 j - a scroll of magic mapping {unknown}
 r - a scroll of blinking {unknown}
 s - a scroll of vulnerability {unknown}
Potions
 d - a potion of might
 i - 2 potions of curing {unknown}
 m - a potion of magic {unknown}
 o - a potion of berserk rage {unknown}
 p - a potion of lignification {unknown}
 q - a potion of cancellation {unknown}


   Skills:
 + Level 4.4 Fighting
 + Level 4.0 Axes
 + Level 4.7 Armour
 + Level 0.4 Dodging
 + Level 3.9 Shields


You had 3 spell levels left.
You didn't know any spells.
Your spell library contained the following spells:

 Spells                   Type           Power      Damage    Failure   Level
 Sandblast                Erth           0%         2d4       86%         1
 Passwall                 Tmut/Erth      0%         N/A       95%         2
 Stone Arrow              Conj/Erth      0%         3d7       99%         3
 Malign Gateway           Summ/Tloc      0%         N/A       100%        7
 Summon Horrible Things   Summ           0%         N/A       100%        8


Dungeon Overview and Level Annotations

Branches:
Dungeon (3/15)

Altars:
Dithmenos
Trog
Uskayaw


Innate Abilities, Weirdness & Mutations

You have a pair of horns on your head.
You reflexively headbutt those who attack you in melee.


Message History

The endoplasm hits you but does no damage.
You hit the endoplasm.
The endoplasm is almost dead.
The endoplasm freezes you.
You are frozen.
You barely miss the endoplasm. You headbutt the endoplasm.
You kill the endoplasm!
Your Axes skill increases to level 4!
HP restored.
A rat comes into view.
A rat is nearby!
You hit the rat.
You kill the rat!
No target in view!
Found an escape hatch in the ceiling.
s - a scroll labelled HIRUKHL CAELUOX An ogre comes into view.
It is wielding a +0 giant club.
The ogre shouts!
Sorry, you're not good enough to have a special ability.
Press: ? - help, v - describe, . - travel
Here: an ogre, wielding a +0 giant club The floor.
Press: ? - help, v - describe, . - travel
Here: an ogre, wielding a +0 giant club The floor.
The ogre hits you with a +0 giant club!
You barely miss the ogre. The ogre closely misses you.
You closely miss the ogre. The ogre hits you with a +0 giant club.
You barely miss the ogre. You headbutt the ogre.
The ogre is lightly wounded.
The ogre hits you with a +0 giant club!
* * * LOW HITPOINT WARNING * * *
You slash the ogre! Your headbutt misses the ogre.
The ogre is heavily wounded.
The ogre hits you with a +0 giant club!
* * * LOW HITPOINT WARNING * * *
You hit the ogre. Your headbutt misses the ogre.
The ogre is heavily wounded.
The ogre hits you with a +0 giant club!
You die...

#######
#.....#
#.....######
###.$.........
#<..........##
#.#....O......
#.###.@# .###
#......# ....
#..###.# .....
#..# #..#
#..## #..#
##.# #..##
#..# ... .##.
#..##
##..##.#.#.#
#.#.# #..##
#..........#
#... #..##
#..###.#.#.##
#..##..##


You could see an ogre.

Vanquished Creatures
  A centaur skeleton (D:3)
  An adder (D:3)
  2 dart slugs
  An orc (D:3)
  5 bats
  4 endoplasms
  A giant cockroach (D:1)
  10 goblins
  13 hobgoblins
  4 jackals (D:1)
  2 kobolds (D:3)
  2 quokkas
  3 ball pythons
  2 frilled lizards
  3 rats
54 creatures vanquished.

Notes
Turn   | Place    | Note
-------+----------+-------------------------------------------
     0 | D:1      | Minsecho the Minotaur Fighter began the quest for the Orb.
     0 | D:1      | Reached XP level 1. HP: 19/19 MP: 0/0
    97 | D:1      | Reached XP level 2. HP: 25/27 MP: 1/1
   295 | D:1      | Reached XP level 3. HP: 33/33 MP: 2/2
   667 | D:2      | Found a faded altar of an unknown god.
  1349 | D:3      | Found a hide-covered altar of Uskayaw.
  1357 | D:3      | Reached XP level 4. HP: 41/41 MP: 3/3
  1373 | D:3      | Found a shadowy altar of Dithmenos.
  1669 | D:3      | Found a bloodstained altar of Trog.
  1775 | D:3      | Noticed an ogre
  1784 | D:3      | Mangled by an ogre

Illustrated notes

Levels and vault maps discovered:
D:1:      ncdulo_lavacross, layout_rooms
D:2:      cheibrodos_greedy_goblins, layout_basic, basic_ecumenical_altar,
          nicolae_figureground_sparkle
D:3:      layout_loops_ring, grunt_dithmenos_smoke_and_mirrors, bloody_trog,
          eat_drink_and_be_merry_uskayaw, chequers_serial_rivers_large_a,
          minmay_misc_feat_tower, st_stairs_9

Skill      XL: |  1  2  3  4 |
---------------+-------------+-----
Armour         | 4 |  4.7
Fighting       | 4 |  4.4
Axes           | 3 4 |  4.0
Dodging        | |  0.4
Shields        | |  3.9

Action                   |  1- 3 |  4- 6 || total
-------------------------+-------+-------++-------
Melee: War axe           |    82 |    20 ||   102
       Headbutt          |     8 |     4 ||    12
Armor: Scale mail        |    54 |     7 ||    61
Dodge: Dodged            |    47 |     4 ||    51
Block: Buckler           |    23 |     2 ||    25
